| TOP OF THE 1ST |
|
Connecticut Tigers batting - Pitching for Chicago (NYP) White Sox : LHP Dan Clausing
|
|
Pitching: LHP Dan Clausing
|
|
|
Batting: RHB Janne Vihko
|
0-0: Ball 1-0: Ball 2-0: Ground out 6-3 (Groundball, 6, EV 82.5 MPH)
|
|
Batting: RHB Jaden Warrior
|
0-0: Ball 1-0: Ball 2-0: Called Strike 2-1: Ground out 6-3 (Groundball, 6, EV 86.9 MPH)
|
|
Batting: LHB Nick Swank
|
0-0: Ball 1-0: Ball 2-0: Called Strike 2-1: Swinging Strike 2-2: Strikes out swinging
|
| Top of the 1st over - 0 runs, 0 hits, 0 errors, 0 left on base; Connecticut 0 - Chicago (NYP) 0 |
| BOTTOM OF THE 1ST |
|
Chicago (NYP) White Sox batting - Pitching for Connecticut Tigers : LHP Pete Zamarron
|
|
Pitching: LHP Pete Zamarron
|
|
|
Batting: SHB Tomas Caldera
|
0-0: Ball 1-0: Ball 2-0: Called Strike 2-1: TRIPLE (Line Drive, 78XD, EV 111.2 MPH)
|
|
Batting: RHB Tyrell Camp
|
0-0: Called Strike 0-1: Fly out, F8 (Flyball, 8RS, EV 94.4 MPH)
|
|
Batting: RHB Tony Garcia
|
0-0: Ball 1-0: Foul Ball, location: 2F 1-1: Ground out 5-3 (Groundball, 56, EV 87.5 MPH) Tomas Caldera scores
|
|
Batting: SHB Andres Agudo
|
0-0: Called Strike 0-1: Foul Ball, location: 2F 0-2: Ball 1-2: Foul Ball, location: 2F 1-2: Ball 2-2: Strikes out swinging
|
| Bottom of the 1st over - 1 run, 1 hit, 0 errors, 0 left on base; Connecticut 0 - Chicago (NYP) 1 |
| TOP OF THE 2ND |
|
Connecticut Tigers batting - Pitching for Chicago (NYP) White Sox : LHP Dan Clausing
|
|
Batting: RHB Zack DiCicco
|
0-0: Fly out, F5 (Popup, 15, EV 83.8 MPH)
|
|
Batting: RHB Jeremiah Washington
|
0-0: Ground out 5-3 (Groundball, 56, EV 103.1 MPH)
|
|
Batting: LHB Antonio Luis
|
0-0: Called Strike 0-1: Ground out U3 (Groundball, 34S, EV 66.2 MPH)
|
| Top of the 2nd over - 0 runs, 0 hits, 0 errors, 0 left on base; Connecticut 0 - Chicago (NYP) 1 |
| BOTTOM OF THE 2ND |
|
Chicago (NYP) White Sox batting - Pitching for Connecticut Tigers : LHP Pete Zamarron
|
|
Batting: RHB Yorkis Saiki
|
0-0: Foul Ball, location: 2F 0-1: Called Strike 0-2: Foul Ball, location: 2F 0-2: Foul Ball, location: 2F 0-2: DOUBLE (Groundball, 5L, EV 102.5 MPH)
|
|
Batting: SHB Veit Geisler
|
0-0: Reached on error, E4 (Groundball, 4M, EV 104.4 MPH) Yorkis Saiki to third
|
|
Batting: RHB Kunimatsu Oya
|
0-0: Called Strike 0-1: Called Strike 0-2: Fly out, F9 (Flyball, 9, EV 88.8 MPH)
|
|
Batting: RHB Bastiaan Leenders
|
0-0: Called Strike 0-1: Swinging Strike 0-2: Strikes out swinging
|
|
Batting: SHB Noah Long
|
0-0: Ball 1-0: Ball 2-0: Ball 3-0: Base on Balls Veit Geisler to second
|
|
Batting: SHB Tomas Caldera
|
0-0: Foul Ball, location: 2F 0-1: Called Strike 0-2: Foul Ball, location: 2F 0-2: Ball 1-2: Fly out, F9 (Flyball, 9D, EV 106.2 MPH)
|
| Bottom of the 2nd over - 0 runs, 1 hit, 1 error, 3 left on base; Connecticut 0 - Chicago (NYP) 1 |
| TOP OF THE 3RD |
|
Connecticut Tigers batting - Pitching for Chicago (NYP) White Sox : LHP Dan Clausing
|
|
Batting: RHB Tony Nunez
|
0-0: Ball 1-0: Called Strike 1-1: Ball 2-1: Foul Ball, location: 2F 2-2: Ball 3-2: Strikes out looking
|
|
Batting: RHB Jordan Hall
|
0-0: Ball 1-0: Ball 2-0: Ball 3-0: Foul Ball, location: 2F 3-1: Foul Ball, location: 2F 3-2: Base on Balls
|
|
Batting: SHB Ian Arlotta
|
0-0: Foul Ball, location: 2F 0-1: Swinging Strike 0-2: Ball 1-2: Strikes out swinging
|
|
Batting: RHB Janne Vihko
|
0-0: Called Strike 0-1: Ground out U3 (Groundball, 3, EV 88.1 MPH)
|
| Top of the 3rd over - 0 runs, 0 hits, 0 errors, 1 left on base; Connecticut 0 - Chicago (NYP) 1 |
| BOTTOM OF THE 3RD |
|
Chicago (NYP) White Sox batting - Pitching for Connecticut Tigers : LHP Pete Zamarron
|
|
Batting: RHB Tyrell Camp
|
0-0: Ball 1-0: Fly out, F7 (Flyball, 78D, EV 86.9 MPH)
|
|
Batting: RHB Tony Garcia
|
0-0: SINGLE (Groundball, 6MD, EV 100.6 MPH)
|
|
Batting: SHB Andres Agudo
|
0-0: Swinging Strike 0-1: Ball 1-1: DOUBLE (Line Drive, 9LM, EV 88.8 MPH) Tony Garcia to third
|
|
Batting: RHB Yorkis Saiki
|
0-0: Ball 1-0: Ground out 5-3 (Groundball, 56S, EV 65.6 MPH) Tony Garcia scores Andres Agudo to third
|
|
Batting: SHB Veit Geisler
|
0-0: Fly out, F8 (Flyball, 89D, EV 107.5 MPH)
|
| Bottom of the 3rd over - 1 run, 2 hits, 0 errors, 1 left on base; Connecticut 0 - Chicago (NYP) 2 |
| TOP OF THE 4TH |
|
Connecticut Tigers batting - Pitching for Chicago (NYP) White Sox : LHP Dan Clausing
|
|
Batting: RHB Jaden Warrior
|
0-0: Ball 1-0: Foul Ball, location: 2F 1-1: Ball 2-1: Swinging Strike 2-2: Ball 3-2: SINGLE (Flyball, 34D, EV 89.4 MPH)
|
|
Batting: LHB Nick Swank
|
0-0: Ball 1-0: Swinging Strike 1-1: Called Strike 1-2: SINGLE (Flyball, 5D, EV 88.8 MPH) Jaden Warrior to second
|
|
Batting: RHB Zack DiCicco
|
0-0: Ball 1-0: Ball 2-0: Called Strike 2-1: Swinging Strike 2-2: Ball 3-2: Strikes out looking
|
|
Batting: RHB Jeremiah Washington
|
0-0: Foul Ball, location: 2F 0-1: Called Strike 0-2: Ball 1-2: Strikes out swinging
|
|
Batting: LHB Antonio Luis
|
0-0: Ball Wild Pitch! Jaden Warrior to third Nick Swank to second 1-0: Called Strike 1-1: Foul Ball, location: 2F 1-2: 3-RUN HOME RUN (Flyball, 9D, EV 103.8 MPH), Distance : 389 ft
|
|
Batting: RHB Tony Nunez
|
0-0: SINGLE (Groundball, 6MD, EV 96.9 MPH)
|
|
Batting: RHB Jordan Hall
|
0-0: Called Strike 0-1: Swinging Strike 0-2: DOUBLE (Flyball, 89XD, EV 111.9 MPH) Tony Nunez to third
|
|
Batting: SHB Ian Arlotta
|
0-0: Called Strike 0-1: Ball 1-1: Called Strike 1-2: Foul Ball, location: 2F 1-2: Ball 2-2: Strikes out swinging
|
| Top of the 4th over - 3 runs, 5 hits, 0 errors, 2 left on base; Connecticut 3 - Chicago (NYP) 2 |
| BOTTOM OF THE 4TH |
|
Chicago (NYP) White Sox batting - Pitching for Connecticut Tigers : LHP Pete Zamarron
|
|
Batting: RHB Kunimatsu Oya
|
0-0: Ball 1-0: Called Strike 1-1: Ball 2-1: Ball 3-1: Ground out 5-3 (Groundball, 56, EV 82.5 MPH)
|
|
Batting: RHB Bastiaan Leenders
|
0-0: Ball 1-0: Ball 2-0: Swinging Strike 2-1: Ball 3-1: Base on Balls
|
|
Batting: SHB Noah Long
|
0-0: Ball Pickoff Throw to First - Out! 1-3 CS 1-0: Ball 2-0: Called Strike 2-1: Called Strike 2-2: Ball 3-2: Fly out, F8 (Flyball, 8RD, EV 103.1 MPH)
|
| Bottom of the 4th over - 0 runs, 0 hits, 0 errors, 0 left on base; Connecticut 3 - Chicago (NYP) 2 |
| TOP OF THE 5TH |
|
Connecticut Tigers batting - Pitching for Chicago (NYP) White Sox : LHP Dan Clausing
|
|
Batting: RHB Janne Vihko
|
0-0: Called Strike 0-1: Ball 1-1: SINGLE (Groundball, 5L, EV 98.8 MPH)
|
|
Batting: RHB Jaden Warrior
|
0-0: Ball 1-0: Called Strike 1-1: Swinging Strike 1-2: Ball 2-2: Strikes out swinging
|
|
Batting: LHB Nick Swank
|
0-0: Ball Pickoff Throw to First - Out! 1-3 1-0: Fly out, F7 (Flyball, 7D, EV 89.4 MPH)
|
| Top of the 5th over - 0 runs, 1 hit, 0 errors, 0 left on base; Connecticut 3 - Chicago (NYP) 2 |
| BOTTOM OF THE 5TH |
|
Chicago (NYP) White Sox batting - Pitching for Connecticut Tigers : LHP Pete Zamarron
|
|
Batting: SHB Tomas Caldera
|
0-0: Called Strike 0-1: Fly out, F6 (Popup, 6MD, EV 66.9 MPH)
|
|
Batting: RHB Tyrell Camp
|
0-0: Ground out 3-1 (Groundball, 34, EV 78.8 MPH)
|
|
Batting: RHB Tony Garcia
|
0-0: Ball 1-0: Called Strike 1-1: Ball 2-1: Called Strike 2-2: Ground out 4-3 (Groundball, 6, EV 91.2 MPH)
|
| Bottom of the 5th over - 0 runs, 0 hits, 0 errors, 0 left on base; Connecticut 3 - Chicago (NYP) 2 |
| TOP OF THE 6TH |
|
Connecticut Tigers batting - Pitching for Chicago (NYP) White Sox : LHP Dan Clausing
|
|
Batting: RHB Zack DiCicco
|
0-0: Ball 1-0: Ball 2-0: Fly out, F8 (Line Drive, 8RM, EV 93.1 MPH)
|
|
Batting: RHB Jeremiah Washington
|
0-0: Foul Ball, location: 2F 0-1: Ball 1-1: Ball 2-1: Swinging Strike 2-2: Strikes out swinging
|
|
Batting: LHB Antonio Luis
|
0-0: Ball 1-0: Ball 2-0: Foul Ball, location: 2F 2-1: Foul Ball, location: 2F 2-2: Ball 3-2: Ground out 3-1 (Groundball, 34S, EV 81.9 MPH)
|
| Top of the 6th over - 0 runs, 0 hits, 0 errors, 0 left on base; Connecticut 3 - Chicago (NYP) 2 |
| BOTTOM OF THE 6TH |
|
Chicago (NYP) White Sox batting - Pitching for Connecticut Tigers : LHP Pete Zamarron
|
|
Batting: SHB Andres Agudo
|
0-0: Swinging Strike 0-1: Foul Ball, location: 2F 0-2: Ball 1-2: Ball 2-2: Ball 3-2: Base on Balls
|
|
Batting: RHB Yorkis Saiki
|
0-0: Called Strike Andres Agudo is caught stealing 2nd base 2-4 0-1: Ball 1-1: Ball 2-1: Foul Ball, location: 2F 2-2: Foul Ball, location: 2F 2-2: Strikes out swinging
|
|
Batting: SHB Veit Geisler
|
0-0: Called Strike 0-1: Ball 1-1: Called Strike 1-2: Fly out, F8 (Flyball, 8LD, EV 96.9 MPH)
|
| Bottom of the 6th over - 0 runs, 0 hits, 0 errors, 0 left on base; Connecticut 3 - Chicago (NYP) 2 |
| TOP OF THE 7TH |
|
Connecticut Tigers batting - Pitching for Chicago (NYP) White Sox : LHP Dan Clausing
|
|
Batting: RHB Tony Nunez
|
0-0: Called Strike 0-1: Ground out 6-3 (Groundball, 6, EV 85.6 MPH)
|
|
Batting: RHB Jordan Hall
|
0-0: Called Strike 0-1: Ball 1-1: Called Strike 1-2: Ground out 4-3 (Groundball, 4, EV 88.8 MPH)
|
|
Batting: SHB Ian Arlotta
|
0-0: Ball 1-0: Fly out, F8 (Flyball, 78M, EV 89.4 MPH)
|
| Top of the 7th over - 0 runs, 0 hits, 0 errors, 0 left on base; Connecticut 3 - Chicago (NYP) 2 |
| BOTTOM OF THE 7TH |
|
Chicago (NYP) White Sox batting - Pitching for Connecticut Tigers : LHP Pete Zamarron
|
|
Now at 1B: Tony Nunez
|
|
|
Now at 3B: Zach Rose
|
|
|
Now in LF: Kaleb Yerger
|
|
|
Now in RF: Antonio Luis
|
|
|
Batting: RHB Kunimatsu Oya
|
0-0: Called Strike 0-1: Ball 1-1: Ball 2-1: Foul Ball, location: 2F 2-2: Foul Ball, location: 2F 2-2: Foul Ball, location: 2F 2-2: Ball 3-2: Foul Ball, location: 2F 3-2: SINGLE (Groundball, 6MD, EV 106.2 MPH)
|
|
Batting: RHB Bastiaan Leenders
|
0-0: Bunted foul 0-1: Sac Bunt to 2L - play at first, batter OUT! 2-3 Kunimatsu Oya to second
|
|
Batting: SHB Noah Long
|
0-0: Called Strike 0-1: Ball 1-1: Ball Kunimatsu Oya is caught stealing 3rd base 2-5 2-1: Called Strike 2-2: Ball 3-2: Base on Balls
|
|
Pitching: RHP Larry Mathieu
|
|
|
Batting: SHB Tomas Caldera
|
0-0: Fly out, F6 (Popup, 15S, EV 89.4 MPH)
|
| Bottom of the 7th over - 0 runs, 1 hit, 0 errors, 1 left on base; Connecticut 3 - Chicago (NYP) 2 |
| TOP OF THE 8TH |
|
Connecticut Tigers batting - Pitching for Chicago (NYP) White Sox : LHP Dan Clausing
|
|
Batting: RHB Janne Vihko
|
0-0: Ground out 5-3 (Groundball, 5S, EV 86.2 MPH)
|
|
Batting: RHB Kaleb Yerger
|
0-0: Ground out 6-3 (Groundball, 6, EV 88.8 MPH)
|
|
Batting: LHB Nick Swank
|
0-0: Ball 1-0: Foul Ball, location: 2F 1-1: Ball 2-1: Foul Ball, location: 2F 2-2: Ball 3-2: Base on Balls
|
|
Pitching: LHP Matt Schwartz
|
|
|
Batting: RHB Zack DiCicco
|
0-0: Called Strike 0-1: Ball 1-1: Swinging Strike 1-2: Ball 2-2: Foul Ball, location: 2F 2-2: Ball 3-2: Strikes out looking
|
| Top of the 8th over - 0 runs, 0 hits, 0 errors, 1 left on base; Connecticut 3 - Chicago (NYP) 2 |
| BOTTOM OF THE 8TH |
|
Chicago (NYP) White Sox batting - Pitching for Connecticut Tigers : RHP Larry Mathieu
|
|
Pitching: LHP Victor Villarreal
|
|
|
Batting: RHB Tyrell Camp
|
0-0: Swinging Strike 0-1: Ball 1-1: Swinging Strike 1-2: Ball 2-2: Fly out, F8 (Flyball, 8RD, EV 94.4 MPH)
|
|
Batting: RHB Tony Garcia
|
0-0: Called Strike 0-1: Foul Ball, location: 2F 0-2: Strikes out looking
|
|
Batting: SHB Andres Agudo
|
0-0: SINGLE (Line Drive, 89D, EV 103.8 MPH)
|
|
Batting: RHB Yorkis Saiki
|
0-0: Ball 1-0: Ball 2-0: Swinging Strike 2-1: Ground out 4-3 (Groundball, 4, EV 86.9 MPH)
|
| Bottom of the 8th over - 0 runs, 1 hit, 0 errors, 1 left on base; Connecticut 3 - Chicago (NYP) 2 |
| TOP OF THE 9TH |
|
Connecticut Tigers batting - Pitching for Chicago (NYP) White Sox : LHP Matt Schwartz
|
|
Pitching: LHP Jonas Jennings
|
|
|
Batting: RHB Jeremiah Washington
|
0-0: Swinging Strike 0-1: Ball 1-1: Called Strike 1-2: DOUBLE (Line Drive, 78D, EV 110.0 MPH)
|
|
Batting: LHB Antonio Luis
|
0-0: Ball 1-0: Foul Ball, location: 2F 1-1: Ground out 5-3 (Groundball, 56S, EV 91.2 MPH)
|
|
Batting: RHB Tony Nunez
|
0-0: Intentional Walk
|
|
Batting: LHB Zach Rose
|
0-0: Ball 1-0: Swinging Strike 1-1: Ball 2-1: Swinging Strike 2-2: Foul Ball, location: 2F 2-2: Strikes out swinging
|
|
Batting: SHB Ian Arlotta
|
0-0: Fly out, F8 (Flyball, 8RD, EV 103.8 MPH)
|
| Top of the 9th over - 0 runs, 1 hit, 0 errors, 2 left on base; Connecticut 3 - Chicago (NYP) 2 |
| BOTTOM OF THE 9TH |
|
Chicago (NYP) White Sox batting - Pitching for Connecticut Tigers : LHP Victor Villarreal
|
|
Batting: SHB Veit Geisler
|
0-0: SINGLE (Groundball, 6, EV 95.6 MPH)
|
|
Batting: RHB Kunimatsu Oya
|
0-0: Bunted foul 0-1: Sac Bunt to 15S - play at first, batter OUT! 1-3 Veit Geisler to second
|
|
Batting: RHB Bastiaan Leenders
|
0-0: 2-RUN HOME RUN (Line Drive, 7D, EV 106.2 MPH), Distance : 393 ft
|
| Bottom of the 9th over - 2 runs, 2 hits, 0 errors, 0 left on base; Connecticut 3 - Chicago (NYP) 4 |
|